PAA
SPRINGFIELD SHOOTERS @ MYRTLE BEACH MERMEN
06/10/2023
 
TOP OF THE 1ST
Springfield Shooters batting - Pitching for Myrtle Beach Mermen : RHP Leonard Hall
Pitching: RHP Leonard Hall
Batting: SHB Albert Santos 0-0: Ball
1-0: Called Strike
1-1: Ball
2-1: Ball
3-1: Called Strike
3-2: Base on Balls
Batting: RHB Michael Hicks 0-0: Foul Ball, location: 2F
0-1: Ball
1-1: Ball
2-1: Ball
3-1: Base on Balls
Albert Santos to second
Batting: SHB Jared Jefferson 0-0: Ball
1-0: Ball
2-0: Called Strike
2-1: Called Strike
2-2: Foul Ball, location: 2F
2-2: Hit by Pitch
Albert Santos to third
Michael Hicks to second
Batting: RHB Sergio Delgado 0-0: Ball
1-0: Called Strike
1-1: TRIPLE (Line Drive, 78M)
Albert Santos scores
Michael Hicks scores
Jared Jefferson scores
Batting: RHB Ethan Miller 0-0: Foul Ball, location: 2F
0-1: Ball
1-1: Ball
2-1: Foul Ball, location: 2F
2-2: Strikes out looking
Batting: RHB Roy Herring Balk!
Sergio Delgado scores
0-0: Called Strike
0-1: Ball
1-1: SINGLE (Line Drive, 8LS)
Batting: RHB Júlio Cruz 0-0: Ball
1-0: Ball
2-0: Swinging Strike
2-1: Ball
3-1: Base on Balls
Roy Herring to second
Batting: SHB Eugene Bentley 0-0: Ball
1-0: Swinging Strike
1-1: Called Strike
1-2: Strikes out swinging
Batting: RHB Lee Charles 0-0: Ball
1-0: Ground out 5-3 (Groundball, 5S)
Top of the 1st over - 4 run(s), 2 hit(s), 0 error(s), 2 left on base; Springfield 4 - Myrtle Beach 0
BOTTOM OF THE 1ST
Myrtle Beach Mermen batting - Pitching for Springfield Shooters : RHP Jim Unknown
Pitching: RHP Jim Unknown
Batting: LHB Juan Villanueva 0-0: SINGLE (Groundball, 56)
Batting: RHB Matt Love 0-0: Ball
1-0: Ball
2-0: Foul Ball, location: 2F
2-1: Fly out, F7 (Flyball, 7S)
Batting: RHB Jorge Baker 0-0: Grounds into double play, 4-6-3 (Groundball, 4)
Bottom of the 1st over - 0 run(s), 1 hit(s), 0 error(s), 0 left on base; Springfield 4 - Myrtle Beach 0
TOP OF THE 2ND
Springfield Shooters batting - Pitching for Myrtle Beach Mermen : RHP Leonard Hall
Batting: SHB Albert Santos 0-0: Ball
1-0: Ground out 4-3 (Groundball, 4M)
Batting: RHB Michael Hicks 0-0: Called Strike
0-1: Ground out 6-3 (Groundball, 6)
Batting: SHB Jared Jefferson 0-0: Swinging Strike
0-1: Ball
1-1: Foul Ball, location: 2F
1-2: Strikes out looking
Top of the 2nd over - 0 run(s), 0 hit(s), 0 error(s), 0 left on base; Springfield 4 - Myrtle Beach 0
BOTTOM OF THE 2ND
Myrtle Beach Mermen batting - Pitching for Springfield Shooters : RHP Jim Unknown
Batting: RHB Carlos Gómez 0-0: Ball
1-0: Ball
2-0: Swinging Strike
2-1: Called Strike
2-2: Foul Ball, location: 2F
2-2: Ground out 6-3 (Groundball, 6)
Batting: LHB Joe Cashmore 0-0: Called Strike
0-1: Ball
1-1: Ball
2-1: Called Strike
2-2: Ball
3-2: Base on Balls
Batting: RHB Javier Robles 0-0: Called Strike
0-1: Ball
1-1: Called Strike
1-2: Strikes out swinging
Batting: RHB Sancho Romero 0-0: Fielders Choice at 2nd, U6 (Groundball, 6M)
Bottom of the 2nd over - 0 run(s), 0 hit(s), 0 error(s), 1 left on base; Springfield 4 - Myrtle Beach 0
TOP OF THE 3RD
Springfield Shooters batting - Pitching for Myrtle Beach Mermen : RHP Leonard Hall
Batting: RHB Sergio Delgado 0-0: Called Strike
0-1: Ball
1-1: SINGLE (Groundball, 5L)
Batting: RHB Ethan Miller 0-0: Ball
1-0: Ball
2-0: SINGLE (Line Drive, 78M)
Sergio Delgado to second
Batting: RHB Roy Herring 0-0: SINGLE (Flyball, 8LS)
Sergio Delgado to third
Ethan Miller to second
Batting: RHB Júlio Cruz 0-0: Called Strike
0-1: Called Strike
0-2: Ball
1-2: Ball
2-2: SINGLE (Groundball, 6D)
Sergio Delgado scores
Ethan Miller to third
Roy Herring to second
Runner from 3rd tries for Home, SAFE, throw made home
Batting: SHB Eugene Bentley 0-0: Called Strike
0-1: SINGLE (Groundball, 5D)
Roy Herring to third
Júlio Cruz to second
Batting: RHB Lee Charles 0-0: Foul Ball, location: 2F
0-1: Swinging Strike
0-2: Ball
1-2: Ball
Wild Pitch!
Roy Herring scores
Júlio Cruz to third
Eugene Bentley to second
2-2: Ball
3-2: Foul Ball, location: 2F
3-2: DOUBLE (Line Drive, 7LS)
Júlio Cruz scores
Eugene Bentley scores
Pitching: LHP Héctor Ocampo
Batting: SHB Albert Santos 0-0: Ball
1-0: Foul Ball, location: 2F
1-1: Foul Ball, location: 2F
1-2: Foul Ball, location: 2F
1-2: Foul Ball, location: 2F
1-2: Fly out, F8 (Flyball, 8LD)
Runner from 2nd tags up, SAFE at 3rd, no throw
Batting: RHB Michael Hicks 0-0: Called Strike
0-1: Ball
1-1: Ball
2-1: Fly out, F6 (Popup, 6S)
Batting: SHB Jared Jefferson 0-0: Ball
1-0: Ball
2-0: SINGLE (Groundball, 56)
Lee Charles scores
Batting: RHB Sergio Delgado 0-0: Called Strike
0-1: Ball
Jared Jefferson steals 2nd base
1-1: Foul Ball, location: 2F
1-2: Ball
2-2: Ground out 6-3 (Groundball, 6M)
Top of the 3rd over - 6 run(s), 7 hit(s), 0 error(s), 1 left on base; Springfield 10 - Myrtle Beach 0
BOTTOM OF THE 3RD
Myrtle Beach Mermen batting - Pitching for Springfield Shooters : RHP Jim Unknown
Batting: RHB Jimmy Dawson 0-0: Called Strike
0-1: Ground out 5-3 (Groundball, 5L)
Batting: SHB David Vázquez 0-0: Foul Ball, location: 2F
0-1: Ball
1-1: Foul Ball, location: 2F
1-2: Ball
2-2: Ground out U3 (Groundball, 3)
Batting: LHB Juan Villanueva 0-0: Ball
1-0: Foul Ball, location: 2F
1-1: Called Strike
1-2: Ball
2-2: Strikes out swinging
Bottom of the 3rd over - 0 run(s), 0 hit(s), 0 error(s), 0 left on base; Springfield 10 - Myrtle Beach 0
TOP OF THE 4TH
Springfield Shooters batting - Pitching for Myrtle Beach Mermen : LHP Héctor Ocampo
Batting: RHB Ethan Miller 0-0: Ball
1-0: Foul Ball, location: 2F
1-1: Called Strike
1-2: Foul Ball, location: 2F
1-2: Foul Ball, location: 2F
1-2: Ground out 5-3 (Groundball, 56)
Batting: RHB Roy Herring 0-0: Called Strike
0-1: Ball
1-1: Ball
2-1: Fly out, F9 (Flyball, 9LMF)
Batting: RHB Júlio Cruz 0-0: SINGLE (Flyball, 9LS)
Batting: SHB Eugene Bentley 0-0: Fielders Choice at 2nd, U6 (Groundball, 6M)
Top of the 4th over - 0 run(s), 1 hit(s), 0 error(s), 1 left on base; Springfield 10 - Myrtle Beach 0
BOTTOM OF THE 4TH
Myrtle Beach Mermen batting - Pitching for Springfield Shooters : RHP Jim Unknown
Batting: RHB Matt Love 0-0: Foul Ball, location: 2F
0-1: Ground out 6-3 (Groundball, 6)
Batting: RHB Jorge Baker 0-0: Ball
1-0: Foul Ball, location: 2F
1-1: Ball
2-1: Ball
3-1: Foul Ball, location: 2F
3-2: Fly out, F8 (Flyball, 8LM)
Batting: RHB Carlos Gómez 0-0: Ball
1-0: Called Strike
1-1: Ball
2-1: Swinging Strike
2-2: Ball
3-2: Foul Ball, location: 2F
3-2: Foul Ball, location: 2F
3-2: Base on Balls
Batting: LHB Joe Cashmore 0-0: Ball
1-0: Called Strike
1-1: Ball
2-1: Foul Ball, location: 2F
2-2: 2-RUN HOME RUN (Flyball, 7LD), Distance : 334 ft
Batting: RHB Javier Robles 0-0: Fly out, F4 (Line Drive, 4)
Bottom of the 4th over - 2 run(s), 1 hit(s), 0 error(s), 0 left on base; Springfield 10 - Myrtle Beach 2
TOP OF THE 5TH
Springfield Shooters batting - Pitching for Myrtle Beach Mermen : LHP Héctor Ocampo
Batting: RHB Lee Charles 0-0: Called Strike
0-1: Ball
1-1: Ball
2-1: Swinging Strike
2-2: Foul Ball, location: 2F
2-2: Strikes out looking
Batting: SHB Albert Santos 0-0: Ball
1-0: Foul Ball, location: 2F
1-1: Fly out, F6 (Popup, 6S)
Batting: RHB Michael Hicks 0-0: Ground out 6-3 (Groundball, 6M)
Top of the 5th over - 0 run(s), 0 hit(s), 0 error(s), 0 left on base; Springfield 10 - Myrtle Beach 2
BOTTOM OF THE 5TH
Myrtle Beach Mermen batting - Pitching for Springfield Shooters : RHP Jim Unknown
Batting: RHB Sancho Romero 0-0: SINGLE (Line Drive, 34)
Batting: RHB Jimmy Dawson 0-0: Called Strike
Sancho Romero is caught stealing 2nd base
0-1: Ball
1-1: Ground out 6-3 (Groundball, 6)
Batting: SHB David Vázquez 0-0: Swinging Strike
0-1: Ground out 6-3 (Groundball, 6)
Bottom of the 5th over - 0 run(s), 1 hit(s), 0 error(s), 0 left on base; Springfield 10 - Myrtle Beach 2
TOP OF THE 6TH
Springfield Shooters batting - Pitching for Myrtle Beach Mermen : LHP Héctor Ocampo
Batting: SHB Jared Jefferson 0-0: Called Strike
0-1: SINGLE (Line Drive, 7S)
Batting: RHB Sergio Delgado 0-0: Foul Ball, location: 2F
0-1: Ball
Jared Jefferson steals 2nd base
1-1: Fly out, F9 (Flyball, 89M)
Batting: RHB Ethan Miller 0-0: Foul Ball, location: 2F
0-1: Fly out, F7 (Flyball, 78M)
Batting: RHB Roy Herring 0-0: Ball
1-0: Foul Ball, location: 2F
1-1: Ball
2-1: Reached on error, E5 (Groundball, 5L)
Jared Jefferson to third
Batting: RHB Júlio Cruz 0-0: Ball
1-0: Foul Ball, location: 2F
1-1: Called Strike
1-2: Strikes out swinging
Top of the 6th over - 0 run(s), 1 hit(s), 1 error(s), 2 left on base; Springfield 10 - Myrtle Beach 2
BOTTOM OF THE 6TH
Myrtle Beach Mermen batting - Pitching for Springfield Shooters : RHP Jim Unknown
Batting: LHB Juan Villanueva 0-0: Called Strike
0-1: Ball
1-1: Ground out 3-1 (Groundball, 3)
Batting: RHB Matt Love 0-0: Ball
1-0: Foul Ball, location: 2F
1-1: DOUBLE (Line Drive, 7LM)
Batting: RHB Jorge Baker 0-0: Ball
1-0: Fly out, F8 (Flyball, 8LXD)
Runner from 2nd tags up, SAFE at 3rd, no throw
Batting: RHB Carlos Gómez 0-0: Called Strike
0-1: Swinging Strike
0-2: Ball
1-2: SINGLE (Popup, 34D)
Matt Love scores
Batting: LHB Joe Cashmore 0-0: Foul Ball, location: 2F
0-1: Ball
1-1: Ball
2-1: Fielders Choice at 2nd, U4 (Groundball, 4M)
Bottom of the 6th over - 1 run(s), 2 hit(s), 0 error(s), 1 left on base; Springfield 10 - Myrtle Beach 3
TOP OF THE 7TH
Springfield Shooters batting - Pitching for Myrtle Beach Mermen : LHP Héctor Ocampo
Pitching: RHP António Chávez
Batting: SHB Eugene Bentley 0-0: Ball
1-0: Ball
2-0: Foul Ball, location: 2F
2-1: Foul Ball, location: 2F
2-2: Ball
3-2: Base on Balls
Batting: RHB Lee Charles 0-0: Fly out, F5 (Popup, 5SF)
Batting: SHB Albert Santos 0-0: Ball
1-0: Called Strike
1-1: Foul Ball, location: 2F
1-2: Ball
2-2: Foul Ball, location: 2F
2-2: SINGLE (Line Drive, 6M)
Eugene Bentley to second
Batting: RHB Michael Hicks 0-0: Called Strike
0-1: Ball
1-1: Foul Ball, location: 2F
1-2: Fly out, F8 (Flyball, 8LD)
Runner from 2nd tags up, SAFE at 3rd, no throw
Batting: SHB Jared Jefferson Pickoff Throw to First - Error! E1
Eugene Bentley scores
Albert Santos to second
0-0: SINGLE (Line Drive, 8RS)
Albert Santos to third
Runner from 3rd tries for Home, SAFE, throw made home
Batting: RHB Sergio Delgado 0-0: Ground out 6-3 (Groundball, 56D)
Top of the 7th over - 2 run(s), 2 hit(s), 1 error(s), 1 left on base; Springfield 12 - Myrtle Beach 3
BOTTOM OF THE 7TH
Myrtle Beach Mermen batting - Pitching for Springfield Shooters : RHP Jim Unknown
Batting: RHB Javier Robles 0-0: Ground out 1-3 (Groundball, 13)
Batting: RHB Sancho Romero 0-0: Ball
1-0: Foul Ball, location: 2F
1-1: Ball
2-1: Ball
3-1: Base on Balls
Batting: RHB Jimmy Dawson 0-0: Ball
1-0: Grounds into double play, 6-4-3 (Groundball, 6)
Bottom of the 7th over - 0 run(s), 0 hit(s), 0 error(s), 0 left on base; Springfield 12 - Myrtle Beach 3
TOP OF THE 8TH
Springfield Shooters batting - Pitching for Myrtle Beach Mermen : RHP António Chávez
Batting: RHB Ethan Miller 0-0: Foul Ball, location: 2F
0-1: Ball
1-1: Foul Ball, location: 2F
1-2: DOUBLE (Line Drive, 8LM) - OUT at third base trying to stretch hit.
Batting: RHB Roy Herring 0-0: Ball
1-0: Ball
2-0: Called Strike
2-1: Swinging Strike
2-2: Foul Ball, location: 2F
2-2: Ball
3-2: Base on Balls
Batting: RHB Júlio Cruz 0-0: Called Strike
0-1: Fielders Choice at 2nd, 1-6 (Groundball, 25)
Batting: SHB Eugene Bentley 0-0: Foul Ball, location: 2F
0-1: Foul Ball, location: 2F
0-2: Strikes out swinging
Top of the 8th over - 0 run(s), 1 hit(s), 0 error(s), 1 left on base; Springfield 12 - Myrtle Beach 3
BOTTOM OF THE 8TH
Myrtle Beach Mermen batting - Pitching for Springfield Shooters : RHP Jim Unknown
Batting: SHB David Vázquez 0-0: Ground out 4-3 (Groundball, 13)
Batting: LHB Juan Villanueva 0-0: Ball
1-0: Reached on error, E3 (Groundball, 34)
Batting: RHB Matt Love 0-0: Ball
1-0: Foul Ball, location: 2F
1-1: Ball
2-1: Ball
3-1: Swinging Strike
3-2: Base on Balls
Juan Villanueva to second
Batting: RHB Jorge Baker 0-0: Called Strike
0-1: Grounds into double play, 6-4-3 (Groundball, 56)
Bottom of the 8th over - 0 run(s), 0 hit(s), 1 error(s), 1 left on base; Springfield 12 - Myrtle Beach 3
TOP OF THE 9TH
Springfield Shooters batting - Pitching for Myrtle Beach Mermen : RHP António Chávez
Batting: RHB Lee Charles 0-0: DOUBLE (Line Drive, 78M)
Batting: SHB Albert Santos 0-0: Ball
1-0: Ball
2-0: Foul Ball, location: 2F
2-1: Swinging Strike
2-2: Fly out, F7 (Flyball, 78S)
Batting: RHB Michael Hicks 0-0: Foul Ball, location: 2F
0-1: Ball
1-1: Ball
2-1: Swinging Strike
2-2: Foul Ball, location: 2F
2-2: Ball
3-2: Foul Ball, location: 2F
3-2: Fly out, F7 (Flyball, 78D)
Batting: SHB Jared Jefferson 0-0: Called Strike
0-1: Foul Ball, location: 2F
0-2: Ground out 4-3 (Groundball, 4M)
Top of the 9th over - 0 run(s), 1 hit(s), 0 error(s), 1 left on base; Springfield 12 - Myrtle Beach 3
BOTTOM OF THE 9TH
Myrtle Beach Mermen batting - Pitching for Springfield Shooters : RHP Jim Unknown
Now in CF: Enrico Díaz
Batting: RHB Carlos Gómez 0-0: Called Strike
0-1: Ground out 1-3 (Groundball, 15S)
Batting: LHB Joe Cashmore 0-0: Ball
1-0: Called Strike
1-1: Ball
2-1: Ball
3-1: Foul Ball, location: 2F
3-2: Ground out 1-3 (Groundball, 15S)
Batting: RHB Javier Robles 0-0: Foul Ball, location: 2F
0-1: Ground out 6-3 (Groundball, 6)
Bottom of the 9th over - 0 run(s), 0 hit(s), 0 error(s), 0 left on base; Springfield 12 - Myrtle Beach 3
This league is powered by Out of the Park Baseball, the baseball management simulation game for PC, Mac and Linux
Friday, July 8th, 2016 - OOTP Baseball 16.9 Build 39